 Dungeon Crawl Stone Soup version 0.27.0-1-g7a08968 (webtiles) character file.

Game seed: 7785884429007938361

286 bonscott the Vandal (level 6, -5/37 HPs)
             Began as a Vampire Hunter on Aug 15, 2021.
             Slain by an ogre (19 damage)
             ... on level 4 of the Dungeon.
             The game lasted 00:20:38 (2874 turns).

bonscott the Vandal (Vampire Hunter)                Turns: 2874, Time: 00:20:38

Health: -5/37      AC:  3    Str: 13    XL:     6   Next: 8%
Magic:  6/6        EV: 12    Int: 14    God:
Gold:   136        SH:  0    Dex: 14    Spells: 5/5 levels left

rFire    . . .     SeeInvis +   a - +1 hunting sling
rCold    + + .     Faith    .   (no shield)
rNeg     + + +     Spirit   .   c - +0 leather armour
rPois    ∞         Reflect  .   (no helmet)
rElec    .         Harm     .   (no cloak)
rCorr    .         Rampage  .   (no gloves)
Will     .....                  (no boots)
Stlth    ++++......             h - amulet of the acrobat
HPRegen  0.00/turn              (no ring)
MPRegen  0.10/turn              (no ring)

@: bloodless, inhibited regen
A: bloodless, fangs 3, see invisible, vampiric 2
a: Bat Form, Revivify


You were on level 4 of the Dungeon.
You visited 1 branch of the dungeon, and saw 4 of its levels.

You collected 136 gold pieces.

Inventory:

Hand Weapons
 a - a +1 hunting sling (weapon)
 b - a +0 short sword
 r - a +0 war axe
Missiles
 d - 19 sling bullets
 g - 77 stones (quivered ammo)
 i - 20 arrows
Armour
 c - a +0 leather armour (worn)
 x - a +0 ring mail
Jewellery
 h - an amulet of the acrobat (around neck)
 l - an amulet of magic regeneration
Wands
 t - a wand of flame (22)
 v - a wand of polymorph (7)
Scrolls
 e - 2 scrolls of teleportation
 f - a scroll of acquirement {unknown}
 j - 2 scrolls of magic mapping
 m - a scroll of vulnerability {unknown}
 o - a scroll of enchant armour {unknown}
 p - a scroll of fog {unknown}
 s - a scroll of amnesia {unknown}
 y - a scroll of fear {unknown}
 z - a scroll of identify
Potions
 k - a potion of berserk rage
 n - 2 potions of haste
 q - a potion of magic {unknown}
 u - a potion of degeneration {unknown}
 w - a potion of mutation {unknown}


   Skills:
 - Level 3.0 Fighting
 - Level 4.0 Slings
 + Level 3.8 Armour
 - Level 2.1 Dodging
 - Level 1.5 Stealth


You had 5 spell levels left.
You didn't know any spells.
Your spell library was empty.

Dungeon Overview and Level Annotations

Branches:
Dungeon (4/15)
 Temple: D:4-7

Altars:


Innate Abilities, Weirdness & Mutations

You do not regenerate when monsters are visible.
You are frail without blood (-20% HP).
You can heal yourself when you bite living creatures.
You are immune to poison.
You have razor-sharp teeth.
You have supernaturally acute eyesight. (SInv)
You are afflicted with vampirism and can become a bat while bloodless.


Message History

You shoot a stone. The stone barely misses the hobgoblin.
You see here a stone.
You shoot a stone. The stone closely misses the hobgoblin.
A ball python comes into view.
You shoot a stone. The ball python hisses angrily.
The stone hits the hobgoblin!
You kill the hobgoblin!
No target in view!
No target in view!
You shoot a stone. The stone hits the ball python.
You kill the ball python!
No target in view!
No target in view!
A ball python comes into view.
The ball python moves out of view.
Things that are here:
a stone; a ball python corpse You shoot a stone.
The stone hits the ball python.
You kill the ball python!
No target in view!
g - 77 stones (gained 1)
g - 78 stones (gained 1)
g - 79 stones (gained 1)
An ogre comes into view. It is wielding a +0 giant club.
You see here a stone.
You shoot a stone. The stone hits the ogre.
The ogre is lightly wounded.
You see here a stone.
You shoot a stone.
The stone hits the ogre but does no damage.
The ogre is lightly wounded.
The ogre hits you with a +0 giant club!!
Ouch! That really hurt!
You see here a ball python corpse.
You are too injured to fight recklessly!
There is a stone staircase leading up here.
The ogre hits you with a +0 giant club!!
Ouch! That really hurt!
You die...

##### #...# #...#
#..@# ≈ ####..O# ≈≈
##......#
≈≈≈#######.###...#
..≈≈..#...###....#
≈≈≈.....#####....#
≈.≈..<..........#####
≈≈≈≈..#######.#.....#
≈≈≈... ###†#####.#


You could see an ogre.

Vanquished Creatures
  A scorpion (D:3)
  Natasha (thrice) (D:2)
  4 adders
  4 gnolls (D:2)
  A worm (D:1)
  2 dart slugs (D:3)
  3 orcs (D:3)
  3 endoplasms
  4 giant cockroaches
  7 goblins
  5 hobgoblins
  4 jackals (D:3)
  3 quokkas
  6 ball pythons
  5 bats
  4 frilled lizards
  A jackal skeleton (D:4)
  6 kobolds
  5 rats
  A spectral goblin (D:1)
72 creatures vanquished.

Notes
Turn   | Place    | Note
-------+----------+-------------------------------------------
     0 | D:1      | bonscott the Vampire Hunter began the quest for the Orb.
     0 | D:1      | Reached XP level 1. HP: 16/16 MP: 1/1
    19 | D:1      | Found a faded altar of an unknown god.
   263 | D:1      | Reached XP level 2. HP: 22/22 MP: 2/2
   515 | D:2      | Noticed Natasha
   537 | D:1      | Reached skill level 4 in Slings
   537 | D:1      | Gained mutation: You are afflicted with vampirism and can
                  | become a bat while bloodless. [Vampire growth]
   537 | D:1      | Reached XP level 3. HP: 24/27 MP: 3/3
   591 | D:2      | Reached skill level 1 in Armour
   745 | D:2      | Killed Natasha
   774 | D:1      | Reached XP level 4. HP: 31/33 MP: 4/4
  1007 | D:2      | Noticed Natasha
  1016 | D:2      | Killed Natasha
  1067 | D:2      | Noticed Natasha
  1234 | D:2      | Killed Natasha
  1235 | D:2      | Reached XP level 5. HP: 22/39 MP: 5/5
  2202 | D:3      | Reached XP level 6. HP: 37/37 MP: 6/6
  2874 | D:4      | Slain by an ogre

Illustrated notes

Levels and vault maps discovered:
D:1:      heliophobic_arrival_battle_scene, layout_rooms,
          dreamdust_ecumenical_altar_drowned_temple
D:2:      layout_rooms, grunt_decor_fettered, uniq_natasha
D:3:      layout_basic, ebering_dispersal_statue_hall, mrwooster_statue_mirror
D:4:      layout_rooms, mainiacjoe_overflow_cross_hatched,
          mainiacjoe_overflow_surrounded_room, serial_rivers,
          chequers_serial_rivers_room_a, chequers_serial_rivers_large_a,
          chequers_serial_rivers_small_b, chequers_serial_rivers_small_3,
          kennysheep_generic_room_15

Skill      XL: |  1  2  3  4  5 |
---------------+----------------+-----
Slings         | 4 |  4.0
Armour         | 2 3 |  3.8
Fighting       | 2 3 |  3.0
Dodging        | |  2.1
Stealth        | |  1.5

Action                   |  1- 3 |  4- 6 || total
-------------------------+-------+-------++-------
Melee: Short sword       |       |     5 ||     5
       Bite              |       |     1 ||     1
 Fire: Hunting sling     |    79 |   152 ||   231
 Abil: Exsanguinate      |       |     1 ||     1
  Use: Scroll            |     1 |     3 ||     4
       Potion            |       |     1 ||     1
Armor: Leather armour    |     8 |     7 ||    15
Dodge: Dodged            |    36 |    57 ||    93
